Map: Blueshift LE

Players

Cliggity - Winner!

  • Race: Protoss Protoss
  • League: Platinum
  • Spawn Location: 1:00

MAERI

  • Race: Zerg Zerg
  • League: Diamond
  • Spawn Location: 7:00

VOD

Have the link to the VOD?

Description

Diamond Promo game

Time

  • Played on: Dec. 15, 2018, 3:35 a.m.
  • Length: 17:19
Show
View Real Time Build Order
Export as new Build Order

Cliggity Protoss - Winner!

Build Orders: 1 Gate Expand, Phoenix Opening, Chargelot Immortal, Mass Phoenix 

Get SALT Encoding   

  12  0:00  Probe  
  13  0:12  Probe  
  14  0:20  Pylon  
  14  0:24  Probe  
  15  0:35  Probe  
  15  0:40  Gateway  
  16  0:43  Probe  
  17  0:52  Probe  
  17  0:55  Assimilator  
  18  1:04  Probe  
  19  1:16  Probe  
  20  1:31  Nexus  
  20  1:43  Cybernetics Core  
  20  1:48  Pylon  
  20  1:51  Assimilator  
  20  2:17  Probe  
  20  2:21  Stargate  
  21  2:26  Warp Gate  
  21  2:31  Adept  
  23  2:38  Probe, Gateway  
  23  2:43  Probe  
  24  2:44  Gateway  
  24  2:46  Probe  
  26  2:51  Probe  
  26  2:56  Probe  
  28  3:08  Probe  
  28  3:09  Probe  
  30  3:15  Phoenix  
  32  3:20  Probe x2  
  34  3:28  Probe x2  
  36  3:36  Probe x2  
  36  3:40  Pylon  
  38  3:43  Phoenix  
  38  3:44  Probe  
  38  3:47  Probe  
  41  3:52  Assimilator, Probe  
  41  3:54  Assimilator  
  42  3:59  Probe  
  44  4:03  Probe  
  45  4:10  Adept  
  45  4:11  Probe, Phoenix  
  45  4:15  Probe  
  51  4:24  Probe  
  51  4:28  Probe  
  51  4:31  Stargate, Pylon  
  53  4:36  Probe  
  54  4:48  Twilight Council  
  54  4:49  Phoenix  
  54  4:51  Pylon  
  56  4:52  Gateway  
  56  5:00  Probe  
  56  5:01  Probe  
  56  5:05  Adept x2  
  62  5:14  Phoenix  
  62  5:15  Phoenix  
  62  5:18  Robotics Facility  
  66  5:23  Probe x2  
  66  5:26  Charge  
  68  5:31  Gateway  
  68  5:34  Gateway  
  68  5:49  Phoenix  
  70  5:52  Phoenix  
  70  6:34  Gateway  
  70  6:36  Pylon  
  70  6:37  Pylon  
  70  6:39  Pylon  
  70  6:41  Pylon  
  70  6:53  Probe x2  
  70  6:54  Immortal  
  74  7:05  Probe x2  
  70  7:23  Zealot x4  
  70  7:24  Zealot x2  
  70  7:26  Robotics Facility  
  70  7:27  Forge, Nexus  
  82  7:30  Forge  
  82  7:31  Assimilator  
  82  7:32  Pylon  
  82  7:33  Immortal  
  82  7:34  Assimilator  
  86  7:37  Phoenix x2  
  86  7:39  Pylon  
  86  7:40  Pylon  
  86  7:41  Probe  
  86  7:42  Probe  
  86  7:43  Protoss Ground Weapons Level 1, Protoss Ground Armor Level 1  
  92  7:53  Probe  
  92  7:57  Templar Archives  
  93  8:07  Probe x2  
  95  8:15  Zealot x5  
  95  8:19  Probe x2, Immortal  
  111  8:55  Probe  
  111  8:56  Probe x2  
  111  8:57  Zealot x3  
  111  8:59  Immortal x2  
  111  9:01  Psionic Storm  
  128  9:04  Pylon  
  128  9:06  Pylon  
  128  9:08  Pylon  
  126  9:19  Protoss Ground Weapons Level 2  
  126  9:27  High Templar x3  
  126  9:28  Zealot x4  
  126  9:29  Probe x2  
  126  9:30  Probe  
  143  9:41  Probe x2  
  143  9:42  Probe  
  142  10:09  Probe  
  142  10:12  Immortal x2  
  143  10:19  Probe x2  
  143  10:21  Protoss Ground Armor Level 2, Probe  
  142  10:27  Zealot x7  
  164  10:59  Pylon  
  164  11:00  Pylon  
  164  11:03  Pylon  
  164  11:07  Photon Cannon  
  164  11:09  Photon Cannon  
  164  11:17  Warp Prism  
  166  11:20  Nexus  
  166  11:23  Assimilator  
  166  11:25  High Templar x2  
  166  11:26  Assimilator, High Templar  
  166  11:27  Zealot x4  
  166  11:30  Pylon  
  166  11:32  Pylon  
  180  11:35  Pylon  
  180  11:41  Pylon  
  180  12:03  Protoss Ground Weapons Level 3  
  180  12:04  Zealot x7  
  175  12:17  Gateway  
  175  12:18  Gateway  
  175  12:19  Gateway  
  175  12:20  Gateway  
  149  12:28  Immortal x2  
  135  12:41  Zealot x7  
  147  12:58  Archon x2  
  137  13:02  Zealot x7  
  147  13:07  Immortal x2  
  155  13:21  Stalker x4  
  155  13:23  Zealot  
  155  13:24  High Templar x5  
  175  13:38  Protoss Ground Armor Level 3  
  175  13:41  Zealot  
  175  13:46  Immortal  
  181  13:49  Zealot x5  
  191  13:57  Probe x2  
  191  14:00  Immortal  
  197  14:05  Zealot  
  199  14:18  Probe  
  200  14:27  Observer  
  187  14:39  Observer  
  180  14:55  Zealot x7  
  194  15:01  Probe x3  
  194  15:05  Shield Battery  
  194  15:06  Shield Battery  
  197  15:08  Shield Battery  
  197  15:09  Zealot  
  197  15:10  Pylon  
  197  15:12  Pylon  
  199  15:16  Photon Cannon  
  199  15:17  Photon Cannon  
  197  15:59  Photon Cannon  
  197  16:00  Photon Cannon  
  197  16:02  Photon Cannon  
  197  16:04  Photon Cannon  
  197  16:07  Photon Cannon  
  197  16:08  Shield Battery x2  
  197  16:10  Shield Battery  
  197  16:11  Pylon  
  195  16:23  Nexus  
  178  16:26  Assimilator  
  178  16:30  Assimilator  
  160  16:33  Zealot x4  
  160  16:34  Zealot x6  
  179  16:53  Zealot x4  
  179  16:54  Zealot x4  
  187  16:55  Zealot x3  
Show
View Real Time Build Order
Export as new Build Order

MAERI Zerg 

Build Orders: Hatch First, Roach Hydra 

Get SALT Encoding   

  12  0:01  Drone  
  13  0:13  Overlord  
  13  0:21  Drone  
  14  0:34  Drone x2  
  16  0:39  Drone  
  17  0:57  Hatchery  
  16  0:59  Drone  
  17  1:04  Drone  
  18  1:11  Extractor  
  17  1:20  Spawning Pool  
  17  1:24  Drone  
  17  1:31  Drone x2  
  19  1:44  Overlord  
  19  2:02  Hatchery  
  18  2:10  Queen  
  18  2:14  Zergling x2  
  21  2:18  Drone  
  22  2:26  Drone x2  
  24  2:30  Metabolic Boost  
  24  2:35  Zergling x2  
  25  2:43  Queen  
  27  2:46  Drone  
  29  2:51  Drone  
  29  2:57  Overlord  
  29  3:13  Spine Crawler, Baneling Nest  
  29  3:17  Spine Crawler  
  26  3:21  Queen  
  28  3:32  Drone x3  
  28  3:33  Drone  
  32  3:36  Drone  
  32  3:39  Drone  
  34  3:42  Drone  
  34  3:47  Drone  
  36  3:53  Spore Crawler, Drone  
  36  3:54  Drone x2  
  39  3:56  Drone  
  39  4:02  Overlord  
  40  4:04  Drone  
  41  4:10  Overlord  
  41  4:14  Lair  
  41  4:21  Extractor  
  40  4:25  Roach Warren  
  40  4:26  Drone x3  
  42  4:34  Drone  
  42  4:35  Drone x3  
  42  4:36  Drone  
  42  4:37  Drone  
  48  4:41  Drone x2  
  50  4:46  Overlord  
  50  4:57  Overlord  
  50  5:09  Evolution Chamber, Spore Crawler  
  50  5:12  Spore Crawler, Glial Reconstitution  
  47  5:14  Roach x3  
  47  5:15  Roach x2  
  57  5:27  Centrifical Hooks  
  57  5:30  Drone x7  
  57  5:31  Drone  
  57  5:34  Drone  
  64  6:03  Queen  
  66  6:04  Zerg Missile Weapons Level 1, Hydralisk Den  
  66  6:05  Overlord x2, Drone  
  66  6:06  Overlord  
  66  6:09  Hatchery  
  63  6:13  Spore Crawler  
  63  6:15  Overlord, Spore Crawler  
  63  6:16  Overlord x2  
  61  6:23  Queen  
  63  6:31  Drone x3  
  63  6:32  Drone x6  
  72  6:37  Grooved Spines  
  70  6:54  Extractor  
  70  6:56  Extractor x2  
  70  6:58  Extractor  
  66  7:08  Hatchery  
  61  7:22  Hydralisk x2, Drone x5  
  66  7:23  Hydralisk x2  
  66  7:29  Drone x6  
  80  7:30  Overlord  
  80  7:48  Muscular Augments, Overlord x2, Queen  
  80  7:49  Overlord  
  80  7:50  Drone x2  
  84  7:53  Overlord  
  84  7:54  Overlord  
  83  8:08  Zerg Ground Armor Level 1  
  83  8:09  Zergling x2  
  83  8:10  Zergling x22  
  95  8:17  Roach  
  97  8:25  Pneumatized Carapace  
  97  8:34  Hydralisk x6  
  97  8:35  Hydralisk x4  
  117  8:45  Baneling x10  
  117  8:51  Overlord x6  
  109  9:09  Queen  
  111  9:11  Hydralisk x7  
  111  9:16  Overseer  
  125  9:21  Drone  
  126  9:25  Roach x6  
  126  9:27  Drone x4  
  142  9:33  Infestation Pit  
  141  9:53  Overlord x9  
  137  10:26  Drone x6  
  137  10:27  Drone x3  
  146  10:29  Hydralisk x8  
  146  10:33  Queen  
  164  10:37  Zerg Melee Weapons Level 1  
  164  10:39  Zergling x4  
  166  10:45  Drone  
  167  11:10  Hydralisk x12  
  190  11:20  Hive  
  190  11:22  Lurker Den  
  189  11:26  Extractor  
  189  11:28  Extractor  
  187  11:40  Overlord x6  
  187  11:41  Overlord  
  187  11:46  Baneling x13  
  187  11:47  Baneling x2  
  187  11:49  Overseer  
  187  11:54  Hatchery  
  187  12:01  Queen  
  186  12:02  Spire  
  148  12:23  Roach x8  
  148  12:24  Roach x6  
  162  12:32  Zergling x16  
  162  12:33  Zergling x16  
  166  12:38  Roach  
  166  12:39  Roach x2  
  125  13:01  Roach x11  
  144  13:15  Hydralisk x6  
  156  13:24  Drone x7  
  163  13:32  Hydralisk x3  
  169  13:37  Greater Spire, Hydralisk  
  167  13:51  Drone  
  167  13:52  Lurker x2  
  168  14:03  Ravager x2  
  168  14:04  Spine Crawler  
  168  14:07  Zergling x2  
  168  14:08  Zergling x40  
  190  14:24  Extractor  
  188  14:47  Spine Crawler  
  187  14:55  Corruptor x3  
  193  15:00  Baneling  
  193  15:01  Baneling x3  
  193  15:04  Hatchery  
  192  15:08  Spine Crawler  
  192  15:09  Spine Crawler  
  190  15:17  Lurker x5  
  190  15:18  Lurker x2  
  197  15:42  Brood Lord  
  199  15:45  Zergling x2  
  199  16:00  Evolution Chamber  
  199  16:01  Evolution Chamber  
  156  16:29  Hydralisk  
  156  16:30  Hydralisk x26  
  145  16:43  Roach x4  
  145  16:46  Spore Crawler  
  142  16:49  Corruptor  
  142  16:54  Baneling x2, Drone  
  118  17:04  Drone  
Tags
 
Add a new tag
Caveats
  • Supply blocks, unpowered buildings, or Contaminate may cause inaccurate times.
  • Supply counts are checked every 10 seconds.